 Dungeon Sprint DCSS version 0.23.2-33-g5129a83184 (webtiles) character file.

Game seed: 18333038001187130916

4200000 HASTUR3 the Axe Maniac (level 25, -11/234 HPs)
             Began as a Mummy Gladiator on June 30, 2019.
             Was the Champion of Makhleb.
             Mangled by The Servant
             ... wielding a +9 glaive of flaming
              (94 damage)
             ... in the Dungeon (Sprint VIII: "Arena of Blood").
             The game lasted 00:03:06 (42 turns).

HASTUR3 the Axe Maniac (Mummy Gladiator)              Turns: 42, Time: 00:03:07

Health: -11/234    AC:  8    Str: 22    XL:     25   Next: 60%
Magic:  22/54      EV: 35    Int:  7    God:    Makhleb [******]
Gold:   0          SH:  0    Dex: 21    Spells: 78/78 levels left

rFire    x . .     SeeInvis .   f - +∞ Axe of Woe
rCold    + . .     Gourm    .   (shield currently unavailable)
rNeg     + + +     Faith    .   b - +0 leather armour
rPois    ∞         Spirit   .   c - +0 helmet
rElec    .         Reflect  .   (no cloak)
rCorr    .         Harm     .   (no gloves)
MR       +++..     NoTele   +   (no boots)
Stlth    +++++++++.             (no amulet)
HPRegen  0.49/turn              (no ring)
MPRegen  0.34/turn              (no ring)

@: no status effects
A: no food or potions, fire vulnerability, cold resistance 1, negative energy
resistance 3, torment resistance, unbreathing, in touch with death 1
a: Minor Destruction, Lesser Servant of Makhleb, Major Destruction, Greater
Servant of Makhleb, Renounce Religion


You were in the Dungeon.
You worshipped Makhleb.
Makhleb was exalted by your worship.
You were not hungry.

You visited 1 branch

Inventory:

Hand Weapons
 a - a +0 war axe
 f - the +∞ Axe of Woe (weapon)
   (You found it in the Dungeon)
Missiles
 d - 3 throwing nets (quivered)
Armour
 b - a +0 leather armour (worn)
 c - a +0 helmet (worn)
Scrolls
 e - a scroll of blinking


   Skills:
 O Level 27 Fighting
 O Level 27 Axes
 O Level 27 Throwing
 O Level 27 Armour
 O Level 27 Dodging
 O Level 27 Stealth
 O Level 27 Unarmed Combat
 O Level 27 Spellcasting
 O Level 27 Invocations


You had 78 spell levels left.
You didn't know any spells.
Your spell library was empty.

Dungeon Overview and Level Annotations

Branches:
Dungeon (1/1)

Altars:
Makhleb

Annotations:
D The Servant


Innate Abilities, Weirdness & Mutations

You do not eat or drink.
Your flesh is vulnerable to fire.
You are immune to poison.
Your flesh is cold resistant. (rC+)
You are immune to negative energy. (rN+++)
You are immune to unholy pain and torment.
You can survive without breathing.
You are in touch with the powers of death.


Message History

You hear a shout! x2
Unknown command.
You slice the destroyer!!
You hew the destroyer savagely.
You destroy the destroyer!
Makhleb accepts your kill.
The sculptor of flesh appears out of thin air!
A sculptor of flesh comes into view. It is wielding a +9 great sword.
You hear a shout! x4
The bag of meat is engulfed in blazing flames.
You hear a shout!
The bag of meat is engulfed in blazing flames.
The destroyer blinks!
You slice the bag of meat!!
You cleave the bag of meat in twain.
You kill the bag of meat!
Makhleb accepts your kill.
The Servant is engulfed in blazing flames.
The Servant hits you from afar with a +9 glaive of flaming!!!!!
Ouch! That really hurt!
The Servant burns you!!!!
You die...

#.......# .....
#......z# .....
.###.. ....###.....
...V..###..........
......._..§........
....#.....#.......#
. #_.<._#...O....
...#...).#).....#.
...§.§_@)..)......
o..VO.###)§.......#
.###...V§§@###.....
#....§☼☼# .....
#.....))# .....
..oOV%.... ....
........... ...
%...O.......
..........##.


You could see The Servant, 2 destroyers, a sculptor of flesh and 2 meat
berserkers.

Vanquished Creatures
  5 vampire knights (D)
  13 ogres (D)
  A two-headed ogre (D)
  24 orcs (D)
  A skeletal warrior (D)
44 creatures vanquished.

Notes
Turn   | Place    | Note
-------+----------+-------------------------------------------
     0 | D        | Found the +∞ Axe of Woe
     0 | D        | HASTUR3 the Mummy Gladiator began the quest for the Orb.
     0 | D        | Reached XP level 1. HP: 16/16 MP: 1/1
     1 | D        | Noticed a bag of meat
     1 | D        | Noticed a bag of meat
     2 | D        | Noticed a bag of meat
     3 | D        | Became a worshipper of Makhleb the Destroyer
     3 | D        | Noticed a bag of meat
     5 | D        | Noticed a bag of meat
     5 | D        | Noticed a bag of meat
     9 | D        | Killed a bag of meat
     9 | D        | Reached XP level 2. HP: 22/22 MP: 2/2
     9 | D        | Reached XP level 3. HP: 27/27 MP: 3/3
     9 | D        | Reached XP level 4. HP: 33/33 MP: 4/4
     9 | D        | Reached XP level 5. HP: 38/38 MP: 5/5
     9 | D        | Reached XP level 6. HP: 44/44 MP: 6/6
     9 | D        | Reached XP level 7. HP: 50/50 MP: 7/7
     9 | D        | Reached XP level 8. HP: 56/56 MP: 8/8
     9 | D        | Reached XP level 9. HP: 61/61 MP: 9/9
     9 | D        | Reached XP level 10. HP: 67/67 MP: 10/10
     9 | D        | Reached XP level 11. HP: 72/72 MP: 11/11
     9 | D        | Killed a bag of meat
     9 | D        | Reached * piety under Makhleb
     9 | D        | Reached XP level 12. HP: 78/78 MP: 12/12
    10 | D        | Killed a bag of meat
    10 | D        | Reached skill level 27 in Axes
    10 | D        | Gained mutation: You are in touch with the powers of death.
                  | [Mummy growth]
    10 | D        | Reached XP level 13. HP: 70/83 MP: 13/13
    10 | D        | Killed a bag of meat
    10 | D        | Reached XP level 14. HP: 76/90 MP: 14/14
    10 | D        | Killed a bag of meat
    10 | D        | Reached ** piety under Makhleb
    11 | D        | Noticed a meat berserker
    12 | D        | Noticed a meat berserker
    13 | D        | Noticed a bag of meat
    13 | D        | Noticed a bag of meat
    13 | D        | Noticed a bag of meat
    14 | D        | Noticed a bag of meat
    14 | D        | Noticed a meat berserker
    14 | D        | Noticed a bag of meat
    14 | D        | Noticed a bag of meat
    15 | D        | Noticed a destroyer
    15 | D        | Killed a meat berserker
    15 | D        | Reached XP level 15. HP: 95/95 MP: 15/15
    16 | D        | Noticed a meat berserker
    19 | D        | Noticed a meat berserker
    19 | D        | Killed a meat berserker
    19 | D        | Reached XP level 16. HP: 101/101 MP: 16/16
    19 | D        | Killed a meat berserker
    19 | D        | Reached *** piety under Makhleb
    19 | D        | Reached skill level 27 in Dodging
    21 | D        | Noticed a meat berserker
    22 | D        | Noticed a large bag of meat
    22 | D        | Noticed a meat berserker
    23 | D        | Killed a meat berserker
    23 | D        | Reached XP level 17. HP: 170/170 MP: 17/17
    23 | D        | Killed a destroyer
    23 | D        | Reached skill level 27 in Fighting
    23 | D        | Reached XP level 18. HP: 182/182 MP: 18/18
    23 | D        | Reached **** piety under Makhleb
    25 | D        | Killed a meat berserker
    25 | D        | Reached skill level 27 in Armour
    25 | D        | Reached skill level 10 in Invocations
    25 | D        | Reached XP level 19. HP: 189/189 MP: 18/26
    25 | D        | Noticed a destroyer
    26 | D        | Reached ***** piety under Makhleb
    26 | D        | Noticed a destroyer
    27 | D        | Noticed a meat berserker
    27 | D        | Noticed a meat berserker
    28 | D        | Reached skill level 27 in Invocations
    28 | D        | Reached XP level 20. HP: 197/197 MP: 18/37
    28 | D        | Noticed The Servant
    29 | D        | Killed a meat berserker
    29 | D        | Reached ****** piety under Makhleb
    29 | D        | Reached skill level 27 in Spellcasting
    29 | D        | Reached skill level 10 in Stealth
    30 | D        | Reached XP level 21. HP: 204/204 MP: 18/52
    30 | D        | Reached skill level 15 in Throwing
    30 | D        | Reached skill level 15 in Unarmed Combat
    31 | D        | Killed a destroyer
    31 | D        | Reached XP level 22. HP: 212/212 MP: 19/53
    31 | D        | Noticed a destroyer
    32 | D        | Killed a destroyer
    33 | D        | Reached XP level 23. HP: 219/219 MP: 19/54
    34 | D        | Noticed a destroyer
    34 | D        | Noticed a destroyer
    35 | D        | Killed a large bag of meat
    35 | D        | Reached skill level 27 in Stealth
    35 | D        | Reached skill level 27 in Throwing
    35 | D        | Reached skill level 27 in Unarmed Combat
    36 | D        | Reached XP level 24. HP: 227/227 MP: 20/54
    38 | D        | Noticed a destroyer
    38 | D        | Noticed a destroyer
    39 | D        | Noticed a destroyer
    39 | D        | Noticed a destroyer
    40 | D        | Killed a destroyer
    40 | D        | Reached XP level 25. HP: 234/234 MP: 21/54
    41 | D        | Killed a destroyer
    42 | D        | Mangled by The Servant

Skill      XL: |  1  2  3  4  5  6  7  8  9 10 11 12 13 14 15 16 17 18 19 20 21 22 23 |
---------------+----------------------------------------------------------------------+-----
Axes           | 22 25 27 | 27.0
Dodging        | 7 14 23 26 27 | 27.0
Fighting       | 25 27 | 27.0
Armour         | 17 27 | 27.0
Invocations    | 10 27 | 27.0
Spellcasting   | 3 27 | 27.0
Throwing       | 12 20 24 27 | 27.0
Stealth        | 12 21 26 27 | 27.0
Unarmed Combat | 11 20 24 27 | 27.0

Action                   |  1- 3 |  4- 6 |  7- 9 | 10-12 | 13-15 | 16-18 | 19-21 | 22-24 | 25-27 || total
-------------------------+-------+-------+-------+-------+-------+-------+-------+-------+-------++-------
Melee: Executioner's axe |     1 |       |       |     1 |     2 |     3 |     5 |     7 |     2 ||    21
Dodge: Dodged            |       |       |       |       |       |     2 |     2 |       |     1 ||     5
